 Dungeon Crawl Stone Soup version 0.21.1-1-g345015f (webtiles) character file.

116 Fang the Chopper (level 5, -1/49 HPs)
             Began as a Gargoyle Berserker on June 20, 2018.
             Was a Believer of Trog.
             Slain by Fang's ghost (9 damage)
             ... on level 3 of the Dungeon.
             The game lasted 00:01:59 (1834 turns).

Fang the Chopper (Gargoyle Berserker)               Turns: 1834, Time: 00:01:59

Health: -1/49      AC:  9    Str: 27    XL:     5   Next: 1%
Magic:  5/5        EV: 12    Int:  7    God:    Trog [**....]
Gold:   65         SH:  0    Dex:  9    Spells: 4/4 levels left

rFire    . . .     SeeInvis .   a - +0 hand axe
rCold    . . .     Gourm    .   (no shield)
rNeg     + . .     Faith    .   b - +0 animal skin
rPois    ∞         Spirit   .   (no helmet)
rElec    +         Reflect  .   (no cloak)
rCorr    .         Harm     .   j - +2 pair of gloves
MR       .....                  (no boots)
Stlth    ..........             (no amulet)
HPRegen  0.16/turn              (no ring)
MPRegen  0.09/turn              (no ring)

@: berserking, starving, very quick
A: negative energy resistance 1, electricity resistance, unbreathing,
petrification resistance, rot immunity, AC +4
a: Berserk, Trog's Hand, Burn Spellbooks, Renounce Religion


You were on level 3 of the Dungeon.
You worshipped Trog.
Trog was pleased with you.
You were starving.

You visited 1 branch of the dungeon, and saw 3 of its levels.

You collected 65 gold pieces.

Inventory:

Hand Weapons
 a - a +0 hand axe (weapon)
Armour
 b - a +0 animal skin (worn)
 j - a +2 pair of gloves (worn)
Jewellery
 o - an uncursed ring of protection from fire {unknown}
Scrolls
 d - 2 scrolls of enchant weapon {unknown}
 f - 2 scrolls of immolation {unknown}
 h - a scroll of remove curse {unknown}
 i - 2 scrolls of identify {unknown}
 k - a scroll of enchant armour {unknown}
 l - a scroll of amnesia {unknown}
 q - 2 scrolls of teleportation {unknown}
 r - 2 scrolls of fear {unknown}
Potions
 e - a potion of degeneration {unknown}
 g - 2 potions of curing {unknown}
 m - 2 potions of haste {unknown}
 n - a potion of resistance {unknown}
 p - a potion of mutation {unknown}
Comestibles
 c - 8 rations


   Skills:
 + Level 3.7 Fighting
 + Level 4.0 Axes
 + Level 2.3 Armour
 + Level 2.3 Dodging
 + Level 1.8 Stealth


You had 4 spell levels left.
You didn't know any spells.

Dungeon Overview and Level Annotations

Branches:
Dungeon (3/15)

Altars:

Annotations:
D:3 Fang's ghost, amateur GrBe


Innate Abilities, Weirdness & Mutations

You are resistant to torment.
Your stone body is resilient. (AC +4)
You are immune to poison.
You resist negative energy. (rN+)
You are resistant to electric shocks. (rElec)
You can survive without breathing.
You are immune to petrification.
You are immune to rotting.


Message History

Your Axes skill increases to level 4!
You closely miss the hobgoblin. The rat closely misses you.
Fang's ghost barely misses you.
You closely miss Fang's ghost.
Fang's ghost is heavily damaged.
You closely miss the rat. You hit the hobgoblin but do no damage.
The rat completely misses you.
Unknown command.
You barely miss Fang's ghost.
Fang's ghost is heavily damaged.
You hit the rat but do no damage. You closely miss the hobgoblin.
You closely miss the goblin. Fang's ghost closely misses you.
The hobgoblin closely misses you.
Unknown command.
You barely miss Fang's ghost.
Fang's ghost is heavily damaged.
You barely miss the goblin. You barely miss the hobgoblin. You hit the rat.
The goblin hits you but does no damage. The rat closely misses you.
Fang's ghost hits you!
You die...

#### ...########..
..............
.#......... ..
....####### ...### ##.##
#....#.#.#.####. ##.#
#.##.# ..#<..... ...#
#.##.# #.#[..#
#########.##.###@g...##.
...............rWg......
.###............S.....##
.....######..#...###..#
###..# #...%.........
#..... #"#...####g#..
...#...##....## .
....#.........#
#.##.#......†#...g..


You could see Fang's ghost, a hobgoblin, a goblin, a ball python and a rat.

Vanquished Creatures
  5 adders (D:2)
  3 worms
  2 dart slugs
  2 leopard geckos
  4 orcs (D:2)
  3 giant cockroaches
  8 goblins
  3 hobgoblins
  2 jackals (D:2)
  2 quokkas (D:2)
  7 bats
  5 frilled lizards
  6 kobolds
  2 rats
54 creatures vanquished.

Notes
Turn   | Place    | Note
-------+----------+-------------------------------------------
     0 | D:1      | Fang the Gargoyle Berserker began the quest for the Orb.
     0 | D:1      | Reached XP level 1. HP: 14/14 MP: 1/1
   101 | D:1      | Reached skill level 3 in Axes
   108 | D:1      | Reached XP level 2. HP: 19/19 MP: 2/2
   622 | D:2      | Reached skill level 1 in Stealth
   622 | D:2      | Reached XP level 3. HP: 23/23 MP: 3/3
   963 | D:2      | Reached ** piety under Trog
  1007 | D:2      | Reached XP level 4. HP: 18/29 MP: 4/4
  1808 | D:3      | Noticed Fang's ghost (amateur GrBe)
  1828 | D:3      | Reached XP level 5. HP: 9/33 MP: 5/5
  1831 | D:3      | Reached skill level 4 in Axes
  1834 | D:3      | Slain by Fang's ghost

Skill      XL: |  1  2  3  4  5 |
---------------+----------------+-----
Axes           | 3 4 |  4.0
Stealth        | 1 |  1.8
Dodging        | 2 |  2.3
Fighting       | |  3.7
Armour         | |  2.3

Action                   |  1- 3 |  4- 6 || total
-------------------------+-------+-------++-------
Melee: Hand axe          |   136 |    90 ||   226
Invok: Berserk           |     1 |     1 ||     2
 Stab: Sleeping          |     3 |       ||     3
  Eat: Chunk             |     1 |     2 ||     3
Armor: Animal skin       |    68 |    39 ||   107
Dodge: Dodged            |   116 |    82 ||   198
